 Dungeon Crawl Stone Soup version 0.28-a0-612-gcfc00ec14d (webtiles) character file.

Game seed: 14531666156221482531

1139 mordus the Magician (level 8, 0/58 HPs)
             Began as a Djinni Conjurer on Oct 5, 2021.
             Slain by Dowan (2 damage)
             ... on level 6 of the Dungeon.
             The game lasted 00:20:13 (6136 turns).

mordus the Magician (Djinni Conjurer)               Turns: 6136, Time: 00:20:14

Health: 0/58       AC:  3    Str:  6    XL:     8   Next: 63%
Gold:   201        EV: 13    Int: 22    God:
                   SH:  0    Dex: 12

rFire   + + .      SeeInvis .   m - +3 quarterstaff (chaos)
rCold   x . .      Faith    .   (shield currently unavailable)
rNeg    . . .      Spirit   .   a - +0 robe
rPois   ∞          Reflect  .   (no helmet)
rElec   .          Harm     .   n - +0 cloak
rCorr   .          Rampage  .   (no gloves)
Will    +....                   (boots unavailable)
Stlth   ++........              o - amulet of the acrobat
HPRegen 0.19/turn               e - ring of willpower
MPRegen 0.00/turn               (no ring)

@: flying, very slightly contaminated
A: sickness immunity, fire resistance 2, cold vulnerability 1, float, innate
caster, hp casting, extra vitality 1
a: no special abilities


You were on level 6 of the Dungeon.
You visited 1 branch of the dungeon, and saw 6 of its levels.

You collected 201 gold pieces.

Inventory:

Hand Weapons
 k - a +3 scythe of flaming
 m - a +3 quarterstaff of chaos (weapon)
Armour
 a - a +0 robe (worn)
 n - a +0 cloak (worn)
Jewellery
 d - an amulet of faith
 e - a ring of willpower (left hand)
 o - an amulet of the acrobat (around neck)
Scrolls
 f - a scroll of teleportation
 g - 3 scrolls of identify
Potions
 b - a potion of haste {unknown}
 h - a potion of mutation {unknown}
 j - 2 potions of magic {unknown}
 l - 3 potions of lignification {unknown}
 p - a potion of attraction {unknown}
 r - a potion of curing {unknown}


   Skills:
 + Level 4.2 Fighting
 + Level 2.8 Staves
 + Level 5.3 Dodging
 - Level 1.5 Stealth
 * Level 5.9 Spellcasting


You couldn't memorise any spells.
You knew the following spells:

 Your Spells              Type           Power      Damage    Failure   Level
a - Magic Dart            Conj           100%       1d8       1%          1
b - Searing Ray           Conj           64%        2d6       1%          2
c - Dazzling Flash        Conj/Hex       64%        N/A       2%          3
d - Fulminant Prism       Conj/Hex       16%        3d11      8%          4
e - Iskenderun's Mystic   Conj/Tloc      32%        2d8       8%          4
f - Freeze                Ice            100%       1d11      1%          1
g - Poisonous Vapours     Pois/Air       64%        N/A       1%          2
h - Ignite Poison         Fire/Tmut/Pois 32%        N/A       2%          3
Your spell library was empty.

Dungeon Overview and Level Annotations

Branches:
Dungeon (6/15)             Temple (0/1) D:6

Altars:
Elyvilon
Fedhas
Xom
Yredelemnul

Annotations:
D:3 exclusion: oklob plant
D:5 2 transporters, snackwell's ghost, amateur OpWn
D:6 Dowan; Duvessa


Innate Abilities, Weirdness & Mutations

You are immune to sickness and miasma.
You are immune to poison.
Your flesh is very heat resistant. (rF++)
You are vulnerable to cold. (rC-)
You float through the air rather than walking.
You learn spells naturally, not from books.
Your magical power is your life essence.
You have superior vitality. (+4 HP)


Message History

Casting: Fulminant Prism (dangerous; 8% risk of failure)
Confirm with . or Enter, or press ? or * to list all spells.
Aiming: Searing Ray (safe; 1% risk of failure)
Press: ? - help, Shift-Dir - straight line
Okay, then.
Casting: Searing Ray (safe; 1% risk of failure)
Confirm with . or Enter, or press ? or * to list all spells.
Aiming: Poisonous Vapours (safe; 1% risk of failure)
Press: ? - help, Dir - move target, f - Dowan
Aim: Dowan, wielding a +0 dagger and wearing a +0 robe (ally target) Poisonous vapours surround Dowan!
Dowan is poisoned.
Dowan says, "Stay away from my face!"
Dowan barely misses you.
Your fulminant prism crackles loudly.
Duvessa hits you with a +0 short sword!
Casting: Poisonous Vapours (safe; 1% risk of failure)
Confirm with . or Enter, or press ? or * to list all spells.
Aiming: Poisonous Vapours (safe; 1% risk of failure)
Press: ? - help, Dir - move target, f - Duvessa, p - Dowan
Aim: Duvessa, wielding a +0 short sword and wearing a +0 ring mail Poisonous vapours surround Duvessa!
Duvessa is poisoned.
Dowan smirks and points a slender finger.
Dowan gestures at you while chanting. The puff of frost hits you!
You feel a terrible chill!
Your fulminant prism explodes!
The blast of energy engulfs Duvessa!
Duvessa is moderately wounded.
The blast of energy engulfs Dowan.
Dowan is moderately wounded.
Duvessa hits you with a +0 short sword!
* * * LOW HITPOINT WARNING * * *
You hear a shout!
Casting: Poisonous Vapours (safe; 1% risk of failure)
Confirm with . or Enter, or press ? or * to list all spells.
You miscast Iskenderun's Mystic Blast.
You are very lightly contaminated with residual magic.
Nothing appears to happen.
* * * LOW HITPOINT WARNING * * *
Dowan hits you with a +0 dagger.
You die...

.. . ...#.# #####
.....#.# #...#
.......###### #...#
.........#..#####...#
... #.........e@...#
...###.........e)...#
......!.............#
.............########
....########## .O#†#
.##g# #.gg# #.###


You could see Duvessa (very poisoned) and Dowan (very poisoned).

Vanquished Creatures
  Sigmund (D:2)
  A steam dragon (D:6)
  A centaur (D:5)
  A scorpion (D:4)
  A wyvern skeleton (D:5)
  2 centaur zombies (D:5)
  2 jellies
  An orc priest (D:5)
  2 bullfrog skeletons (D:5)
  A gnoll shaman (D:6)
  Crazy Yiuf (D:2)
  A centaur skeleton (D:5)
  2 hounds
  2 iguanas
  A scorpion zombie (D:5)
  2 orc wizards (D:5)
  7 gnolls
  6 adders
  A shadow imp (D:4)
  An ufetubus (D:5)
  2 adder skeletons (D:4)
  4 dart slugs
  4 orcs
  4 ball pythons
  8 endoplasms
  3 giant cockroaches (D:1)
  7 goblins
  3 hobgoblins
  6 jackals (D:3)
  5 kobolds
  4 quokkas
  2 bats
  4 frilled lizards
  2 rats
95 creatures vanquished.

Vanquished Creatures (others)
  2 fulminant prisms
  17 toadstools
19 creatures vanquished.

Grand Total: 114 creatures vanquished

Notes
Turn   | Place    | Note
-------+----------+-------------------------------------------
     0 | D:1      | mordus the Djinni Conjurer began the quest for the Orb.
     0 | D:1      | Reached XP level 1. HP: 15/15 MP: 0/0
   327 | D:1      | Reached XP level 2. HP: 21/22 MP: 0/0
   467 | D:1      | Found a faded altar of an unknown god.
  1065 | D:2      | Reached XP level 3. HP: 25/26 MP: 0/0
  1065 | D:2      | Learned a level 1 spell: Freeze
  1069 | D:2      | Reached skill level 1 in Fighting
  1175 | D:2      | Noticed Sigmund
  1182 | D:2      | Killed Sigmund
  1183 | D:2      | Reached XP level 4. HP: 5/33 MP: 0/0
  1183 | D:2      | Reached XP level 5. HP: 6/38 MP: 0/0
  1183 | D:2      | Learned a level 2 spell: Poisonous Vapours
  1510 | D:2      | Found a runed translucent door.
  1511 | D:2      | Noticed Crazy Yiuf
  1518 | D:2      | Killed Crazy Yiuf
  1519 | D:2      | Reached XP level 6. HP: 36/45 MP: 0/0
  2401 | D:3      | Found a white marble altar of Elyvilon.
  2793 | D:3      | Found a blossoming altar of Fedhas.
  2805 | D:3      | Noticed an oklob plant
  3300 | D:4      | Reached skill level 1 in Staves
  3300 | D:4      | Reached XP level 7. HP: 44/49 MP: 0/0
  3300 | D:4      | Learned a level 3 spell: Ignite Poison
  3846 | D:4      | Found a shimmering altar of Xom.
  4485 | D:5      | Entered Level 5 of the Dungeon
  4500 | D:5      | Reached skill level 5 in Spellcasting
  5053 | D:5      | Found a basalt altar of Yredelemnul.
  5144 | D:5      | Noticed a hornet
  5160 | D:5      | Found a transporter.
  5164 | D:5      | Found a transporter.
  5164 | D:5      | Noticed snackwell's ghost (amateur OpWn)
  5404 | D:5      | Reached XP level 8. HP: 53/57 MP: 0/0
  5616 | D:5      | Reached skill level 5 in Dodging
  5805 | D:6      | Found a staircase to the Ecumenical Temple.
  5856 | D:6      | Noticed Duvessa
  5856 | D:6      | Noticed Dowan
  6136 | D:6      | Slain by Dowan

Illustrated notes

Levels and vault maps discovered:
D:1:      ldierk_walled_garden, layout_rooms, serial_curves, eino_curves_04,
          eino_curves_02, shapermc_ecumenical_altar_totnotflames
D:2:      layout_loops_cross, minmay_crystal_room, minmay_strange_pillars,
          uniq_sigmund, uniq_crazy_yiuf_cottage
D:3:      minmay_angry_zag, layout_loops_ring, tgw_fedhas, elyvilon_altar_5,
          minmay_misc_feat_plants
D:4:      layout_loops_ring, tgw_xom
D:5:      layout_cave_pools, lemuel_zombie_altar_yredelemnul,
          gammafunk_ghost_hive, sigmund_army
D:6:      ebering_ghost_reflecting_pool, layout_rooms,
          mainiacjoe_overflow_two_lobes, minmay_temple_entry_statues_fountains,
          chequers_ossuary_entry_cave, uniq_duvessa

Skill      XL: |  1  2  3  4  5  6  7  8 |
---------------+-------------------------+-----
Fighting       | 2 3 4 |  4.2
Dodging        | 3 4 5 |  5.3
Spellcasting   | 4 5 |  5.9
Staves         | 1 2 |  2.8
Stealth        | |  1.5

Action                   |  1- 3 |  4- 6 |  7- 9 || total
-------------------------+-------+-------+-------++-------
Melee: Quarterstaff      |       |    23 |     4 ||    27
 Cast: Magic Dart        |    32 |    37 |    28 ||    97
       Searing Ray       |     2 |    10 |    17 ||    29
       Iskenderun's Myst |       |     1 |     6 ||     7
       Poisonous Vapours |       |       |    15 ||    15
       Ignite Poison     |       |       |     4 ||     4
       Fulminant Prism   |       |       |     2 ||     2
  Use: Scroll            |       |     3 |     3 ||     6
 Stab: Sleeping          |       |     2 |       ||     2
Armor: Robe              |     2 |     4 |     5 ||    11
Dodge: Dodged            |     4 |    26 |    74 ||   104

Table legend: (Time is in decaauts)
 A = Elapsed time spent in this place.
 B = Non-inter-level travel time spent in this place.
 C = Inter-level travel time spent in this place.
 D = Time resting spent in this place.
 E = Time spent auto-exploring this place.
 F = Levels seen in this place.
 G = Mean time per level.
                   A        B        C        D        E       F      G
               +--------+--------+--------+--------+--------+-----+--------+
         Total |   6141 |   6011 |    130 |    900 |   4339 |   6 | 1023.5 |
       Dungeon |   6141 |   6011 |    130 |    900 |   4339 |   6 | 1023.5 |
               +--------+--------+--------+--------+--------+-----+--------+

Top non-repeatable levels by time:
     D:5: 1584 daAuts
     D:4: 1410 daAuts
     D:1: 1060 daAuts
     D:3: 1012 daAuts
     D:2: 1006 daAuts
     D:6: 68 daAuts
